 BcadrenCrawl: Boulder Brew version 0.06-688-g08e91b2d95 (webtiles) character file.

Game seed: 9109853963796462701

14 Leeroy the Ducker (level 2, -3/36 HPs) Immature Draconian Merfolk. Began on Jan 31, 2023. Slain by a hobgoblin ... wielding a +0 club (5 damage) ... on level 1 of the Dungeon. The game lasted 00:01:03 (284 turns).

Leeroy the Ducker (Immature Draconian Merfolk)       Turns: 284, Time: 00:01:04

Health: -3/36      AC:  1    Str: 16    XL:     2 ^: 20
Magic:  2/2        EV: 13    Int:  7    God:
Gold:   21         SH:  0    Dex: 13    Spells: 1/1 levels left

rFire    . . .     Slash    +   a - +0 long sword
rCold    + . .     Pierce   x   (no weapon)
rNeg     . . .     Bludgeon .   (armour unavailable)
rCorr    . . .     Vision   .   b - +0 hat
rPois    .         Gourm    .   (no cloak)
rElec    .         Faith    .   (no gloves)
MR       .....     Spirit   .   (no boots)
HPRegen  0.22/turn Reflect  .   (no amulet)
MPRegen  0.12/turn Harm     .   (no ring)
Stlth    +.........             (no ring)

@: corroded
A: cold resistance 1, deformed body 2, cold-blooded, merfolk tail, draconic
flesh, AC +5
a: Breathe Dart


You were on level 1 of the Dungeon.
You were not hungry.

You visited 1 branch of the dungeon, and saw 1 of its levels.

You collected 21 gold pieces.

Inventory:

Weapons
 a - a +0 long sword (weapon)
Armour
 b - a +0 hat (worn)
Wands
 c - a wand of ensnaring (9)
Scrolls
 i - a scroll of summoning
Potions
 g - a potion of heal wounds
 h - a potion of gain intelligence
Miscellaneous
 e - a phial of floods
Comestibles
 d - 3 rations
 f - 4 chunks of flesh


   Skills:
 - Level 2.4 Fighting
 - Level 2.4 Long Blades
 + Level 3.5 Dodging
 - Level 2.0 Evocations


You had one spell level left.
You didn't know any spells.
Your spell library was empty.

Dungeon Overview and Level Annotations

Branches:
Dungeon (1/8)

Altars:


Innate Abilities, Weirdness & Mutations

Your plain brown scales are resilient. (AC +5)
You can breathe rudimentary magical darts.
You are cold resistant. (rC+)
You cannot wear any armour on your peculiar form.
You are cold-blooded and are slowed more easily by cold attacks.
On contact with water, your feet merge into a fishtail, which allows you to swim quickly, evasively and stealthily.
Your scales resist being cut, but it's oddly easy to stick a small blade between them. (rSlashing+, rPiercing-)


Message History

You hit the goblin but do no damage. You hit the goblin (1).
The goblin is moderately wounded. (3/4) HP The goblin barely misses you.
The hobgoblin hits you with a +0 club (4).
You hit the goblin (5).
He is lacerated severely!
You kill the goblin!
The hobgoblin hits you with a +0 club (4).
* * * LOW HITPOINT WARNING * * *
The orc shouts!
You hit the hobgoblin but do no damage. You hit the hobgoblin (2).
The hobgoblin is heavily wounded. (3/5) HP The hobgoblin hits you with a +0 club (6).
* * * LOW HITPOINT WARNING * * *
You hit the hobgoblin (2).
They is lacerated severely!
You hit the hobgoblin but do no damage.
The hobgoblin is almost dead. (1/5) HP The hobgoblin hits you with a +0 club (1).
* * * LOW HITPOINT WARNING * * *
The hobgoblin hits you with a +0 club (5).
You die...

#.......#
...#......#
##.##.....#
# ####..#
###..####
.###.).....#
.......%##.#
$###.##.##.#
..$....@)..#
.###.##g##.#
...wg.Jw# ..
......... ##
.....o....
#####.####g
.. .# ... #
.#8.


You could see an ooze, a dart slug (clinging), an orc and a hobgoblin.

Vanquished Creatures
  A dart slug (D:1)
  An orc (D:1)
  A bat (D:1)
  A hobgoblin (D:1)
  4 goblins (D:1)
  3 rats (D:1)
11 creatures vanquished.

Notes
Turn   | Place    | Note
-------+----------+-------------------------------------------
     0 | D:1      | Leeroy the Immature Draconian Merfolk began the quest for
                  | the Orb.
     0 | D:1      | Reached XP level 1. HP: 27/27 MP: 1/1
   244 | D:1      | Reached skill level 3 in Dodging
   275 | D:1      | Reached XP level 2. HP: 19/36 MP: 2/2
   284 | D:1      | Slain by a hobgoblin

Illustrated notes

Levels and vault maps discovered:
D:1:      lightli_iron_boxes, layout_loops_ring, guppyfry_early_orc_mine

Skill      XL: |  1 |
---------------+----+-----
Dodging        | 3 |  3.5
Fighting       | |  2.4
Long Blades    | |  2.4
Evocations     | |  2.0

Action                   || total
-------------------------++-------
Melee: Long sword        ||    18
       Unarmed           ||     8
Dodge: Dodged            ||     3
